AoeStats
← PeterMT2699

Black Forest

510316365Analyzed
2v2 RM · 2d ago on Sep 30, 2026· 51m 25s· 4 players
Game mode
Random Map
Map size
Medium (4 player)
Population
200
Speed
Normal
Resources
Standard
Victory
Conquest
Starting age
Dark Age
Ending age
Imperial Age
RankedLock teamsTeams togetherTeam positionsShared explorationLock speedFull tech treeHidden civsTurbo modeCheats
Victory
Defeat
🇬🇧 Ethiopians · United Kingdom
986
+29
🇻🇳 Turks · Vietnam
960
+19
🇹🇼 Danes · Taiwan
1043
-19
🇹🇼 Byzantines · Taiwan
1026
-18
Mithranqueer
0:45 Loom
15:41 Feudal Age
16:24 Horse Collar
16:30 Double-Bit Axe
19:38 Castle Age
19:52 Wheelbarrow
20:34 Heavy Plow
24:26 Bow Saw
26:32 Gold Mining
27:29 Caravan
28:34 Hand Cart
28:26 Town Watch
33:32 Imperial Age
32:05 Gold Shaft Mining
31:21 Stone Mining
32:21 Royal Heirs
32:22 Squires
32:07 Arson
32:25 Scale Mail Armor
32:35 Forging
33:33 Chain Mail Armor
34:40 Iron Casting
33:35 Elite Shotel Warrior
35:16 Chemistry
36:00 Two-Man Saw
35:44 Plate Mail Armor
35:37 Siege Engineers
35:51 Torsion Engines
37:38 Blast Furnace
39:32 Fletching
39:57 Masonry
PeterMT2699
1:08 Loom
12:29 Feudal Age
12:57 Double-Bit Axe
12:55 Horse Collar
18:39 Castle Age
17:28 Stone Mining
17:31 Gold Mining
21:38 Bow Saw
22:48 Wheelbarrow
22:31 Heavy Plow
27:49 Hand Cart
27:48 Caravan
30:33 Imperial Age
28:34 Caravan
29:26 Town Watch
29:51 Scale Barding Armor
29:59 Forging
29:40 Fletching
29:51 Padded Archer Armor
30:30 Bloodlines
32:50 Two-Man Saw
32:42 Iron Casting
32:28 Chain Barding Armor
32:04 Bodkin Arrow
32:10 Padded Archer Armor
33:12 Husbandry
33:15 Padded Archer Armor
33:50 Guilds
35:22 Masonry
35:33 Ballistics
36:13 Plate Barding Armor
36:40 Blast Furnace
36:25 Artillery
37:46 Leather Archer Armor
37:40 Bracer
38:12 Elite Janissary
40:06 Sipahi
40:08 Conscription
43:39 Ring Archer Armor
49:37 Scale Mail Armor
49:50 Heavy Camel Rider
wusung67
2:39 Loom
12:22 Feudal Age
17:06 Castle Age
15:09 Double-Bit Axe
15:05 Horse Collar
15:56 Gold Mining
15:58 Stone Mining
19:17 Bow Saw
19:15 Heavy Plow
22:40 Wheelbarrow
28:48 Imperial Age
27:23 Gold Shaft Mining
27:01 Man-at-Arms
27:53 Squires
27:39 Gambesons
28:05 Forging
27:32 Pikeman
27:39 Pikeman
27:43 Long Swordsman
29:56 Conscription
28:57 Hamask
29:19 Two-Handed Swordsman
29:52 Elite Skirmisher
31:13 Iron Casting
30:03 Halberdier
31:31 Hand Cart
32:08 Stone Shaft Mining
31:35 Scale Mail Armor
31:41 Fletching
33:18 Chain Mail Armor
33:01 Bodkin Arrow
34:13 Blast Furnace
33:39 Caravan
34:01 Squires
33:47 Arson
34:53 Plate Mail Armor
35:37 Bracer
35:38 Padded Archer Armor
36:02 Northmen's Fury
36:49 Onager
37:47 Capped Ram
37:57 Champion
38:00 Elite Varangian Guard
38:58 Siege Onager
40:05 Scale Barding Armor
40:56 Leather Archer Armor
41:21 Ballistics
41:07 Siege Engineers
40:58 Murder Holes
42:57 Bloodlines
42:47 Husbandry
42:58 Heavy Scorpion
45:48 Light Cavalry
mcchenw
0:50 Loom
13:56 Feudal Age
15:13 Double-Bit Axe
17:53 Castle Age
15:37 Horse Collar
19:50 Heavy Plow
20:03 Bow Saw
21:47 Wheelbarrow
21:30 Stone Mining
21:31 Gold Mining
21:54 Elite Skirmisher
27:07 Treadmill Crane
27:53 Ballistics
28:29 Hand Cart
28:38 Fletching
32:11 Imperial Age
29:59 Murder Holes
30:26 Ballistics
31:35 Stone Shaft Mining
31:21 Bodkin Arrow
31:32 Scale Barding Armor
31:29 Padded Archer Armor
33:19 Conscription
33:31 Husbandry
34:20 Crop Rotation
36:14 Chemistry
35:17 Elite Varangian Guard
35:59 Squires
35:46 Arson
35:47 Gambesons
36:40 Heavy Camel Rider
38:41 Two-Man Saw
39:11 Chain Barding Armor
39:02 Forging
39:08 Forging
39:43 Leather Archer Armor
40:21 Light Cavalry
46:08 Onager
47:11 Hussar
52:07 Iron Casting
51:34 Bracer
Connection lost

Rejoining the realm…

Still unreachable

The connection could not be restored.

Session expired

The server has moved on; the page needs a fresh start.